 Dungeon Crawl Stone Soup version 0.19.1-1-g22dce08 (webtiles) character file.

37 paradoxae the Sneak (level 3, -3/25 HPs)
             Began as a Vampire Enchanter on Jan 10, 2017.
             Shot with a stone by a goblin (7 damage)
             ... led by Robin
             ... on level 2 of the Dungeon.
             The game lasted 00:06:39 (1569 turns).

paradoxae the Sneak (Vampire Enchanter)             Turns: 1569, Time: 00:06:40

Health: -3/25      AC:  3    Str:  7    XL:     3   Next: 21%
Magic:  0/6        EV: 16    Int: 18    God:
Gold:   20         SH:  0    Dex: 14    Spells: 3 memorised, 0 levels left

rFire  . . .     SeeInvis +     a - +1 dagger
rCold  + . .     Gourm    .     b - +1 robe
rNeg   + + .     Faith    .     (no shield)
rPois  +         Spirit   .     (no helmet)
rElec  .         Reflect  .     (no cloak)
rCorr  .         Harm     .     (no gloves)
MR     +....                    (no boots)
Stlth  ++++......               (no amulet)
                                m - ring of protection from magic
                                h - +3 ring of evasion

@: regenerating slowly
A: fangs 3, see invisible, unbreathing
a: Bat Form


You were on level 2 of the Dungeon.
You were near bloodless.

You visited 1 branch of the dungeon, and saw 2 of its levels.

You collected 20 gold pieces.

Inventory:

Hand Weapons
 a - a +1 dagger (weapon)
Missiles
 n - 2 tomahawks (quivered)
Armour
 b - a +1 robe (worn)
Jewellery
 h - a +3 ring of evasion (left hand)
 m - a ring of protection from magic (right hand)
Scrolls
 d - 3 scrolls of identify {unknown}
 e - a scroll of noise {unknown}
 f - a scroll of fear {unknown}
 j - 2 scrolls of remove curse {unknown}
 k - 2 scrolls of enchant weapon {unknown}
 l - a scroll of enchant armour {unknown}
Potions
 g - a potion of resistance {unknown}
 i - a potion of heal wounds {unknown}
 q - 12 potions of blood
Books
 c - a book of Maledictions

   Spells                             Type                      Level
   a - Corona                         Hexes                        1
   b - Ensorcelled Hibernation        Hexes/Ice                    2
   c - Confuse                        Hexes                        3
   d - Tukima's Dance                 Hexes                        3
   e - Dazzling Spray                 Conjuration/Hexes            3


   Skills:
 + Level 0.8 Fighting
 + Level 1.2 Short Blades
 + Level 0.8 Armour
 + Level 2.5 Dodging
 + Level 4.8 Stealth
 * Level 2.1 Spellcasting
 + Level 4.8 Hexes
 + Level 0.2 Ice Magic


You couldn't memorise any spells.
You knew the following spells:

 Your Spells              Type           Power        Failure   Level  Hunger
a - Corona                Hex            ###....      2%          1    #......
c - Confuse               Hex            ###.....     10%         3    ###....
z - Ensorcelled Hibernat  Hex/Ice        ##....       12%         2    ###....


Dungeon Overview and Level Annotations

Branches:
Dungeon (2/15)

Altars:

Annotations:
D:2 Robin


Innate Abilities, Weirdness & Mutations

You heal slowly.
You have razor-sharp teeth.
You have supernaturally acute eyesight. (SInv)
You can survive without breathing.


Message History

The goblins go into a battle-frenzy!
The goblin misses you.
Casting: Ensorcelled Hibernation
Confirm with . or Enter, or press ? or * to list all spells.
Aiming: Ensorcelled Hibernation
Press: ? - help, Shift-Dir - straight line, f - goblin, p - goblin
Aim: a goblin (severely wounded, unusually strong, chance to defeat MR: 59%)
The goblin looks drowsy...
The goblin misses you. The goblin completely misses you.
The helpless goblin fails to defend itself.
You bite the goblin, and draw its blood!
You feel better.
You feel slightly less thirsty.
You impale the goblin!!
You kill the goblin!
The goblin hits you but does no damage. The goblin completely misses you.
You see here a goblin corpse.
You see here a chain mail.
The goblin no longer looks unusually strong.
The goblin wields a hunting sling.
The goblin shoots a stone.
The stone hits you!
You die...

##Sg# ##)# #g# ## #g# .### #g#
#.# ..# #.## #.# #.# #.g# #.#
#.## ##.# #.# #####..#######
#@### #.#
.....).......###>..###.#
######...###.....(..##.########
###...#######.........%..##
###...### ##.##.######..##
###..<# #.##.# ##... ## ###.##
#.##.########.. .##########
#..# #..#(##......)#
....##....#
##.####.†....#######


You could see 4 goblins.

Vanquished Creatures
  An ooze (D:1)
  2 dart slugs
  4 bats
  2 giant cockroaches
  3 hobgoblins
  3 kobolds
  3 frilled lizards (D:1)
  6 goblins
  5 rats (D:1)
29 creatures vanquished.

Notes
Turn   | Place    | Note
-------+----------+-------------------------------------------
     0 | D:1      | paradoxae the Vampire Enchanter began the quest for the Orb.
     0 | D:1      | Reached XP level 1. HP: 13/13 MP: 3/3
   340 | D:1      | Reached XP level 2. HP: 20/20 MP: 5/5
   381 | D:1      | Learned a level 2 spell: Ensorcelled Hibernation
  1434 | D:2      | Reached XP level 3. HP: 25/25 MP: 6/6
  1441 | D:2      | Learned a level 3 spell: Confuse
  1535 | D:2      | Noticed Robin
  1557 | D:2      | HP: 1/25 [Robin/goblin (1)]
  1569 | D:2      | Shot with a stone by a goblin

Action                   || total
-------------------------++-------
Melee: Dagger            ||   120
       Bite              ||     1
 Cast: Ensorcelled Hiber ||     9
 Stab: Sleeping          ||     7
Armor: Robe              ||    35
Dodge: Dodged            ||   123
